 Dungeon Crawl Stone Soup version 0.31-b1-20-g67cafac56d (webtiles) character file.

Game seed: 11874806199357180197

136 groovy9 the Trooper (level 5, 34/34 HPs)
             Began as a Gargoyle Berserker on Jan 18, 2024.
             Was a Believer of Trog.
             Quit the game on level 3 of the Dungeon.
             The game lasted 00:04:53 (1733 turns).

groovy9 the Trooper (Gargoyle Berserker)            Turns: 1733, Time: 00:04:53

Health: 34/34      AC:  9    Str: 23    XL:     5   Next: 19%
Magic:  5/5        EV: 11    Int:  7    God:    Trog [**....]
Gold:   119        SH:  0    Dex:  9    Spells: 4/4 levels left

rFire   . . .        a - +0 hand axe
rCold   . . .        (no shield)
rNeg    + . .        c - +0 ring mail
rPois   ∞            (no helmet)
rElec   +            (no cloak)
rCorr   .            (no gloves)
SInv    .            (no boots)
Will    .....        (no amulet) Stlth
                     (no ring)
HPRegen 0.25/turn    (no ring)
MPRegen 0.09/turn

%: no passive effects
@: no status effects
A: sickness immunity, AC +4, negative energy resistance 1, electricity
resistance, torment resistance 1, petrification resistance
a: Renounce Religion, Berserk, Trog's Hand


You were on level 3 of the Dungeon.
You worshipped Trog.
Trog was pleased with you.
You visited 1 branch of the dungeon, and saw 3 of its levels.

You collected 119 gold pieces.

Inventory:

Hand Weapons
 a - a +0 hand axe (weapon)
Armour
 c - a +0 ring mail (worn)
Scrolls
 b - a scroll of identify {unknown}
 e - a scroll of immolation {unknown}
 f - 2 scrolls of enchant weapon {unknown}
 g - 2 scrolls of vulnerability {unknown}
 i - a scroll of silence {unknown}
 j - a scroll of teleportation {unknown}
Potions
 d - 3 potions of curing {unknown}
 h - a potion of lignification {unknown}
 k - a potion of magic {unknown}
 l - a potion of attraction {unknown}
 m - 2 potions of heal wounds {unknown}


   Skills:
 + Level 4.5 Fighting
 * Level 3.7 Axes
 + Level 3.6 Armour
 - Level 1.5 Dodging


You had 4 spell levels left.
You didn't know any spells.
Your spell library was empty.

Dungeon Overview and Level Annotations

Branches:
Dungeon (3/15)

Altars:
Ashenzari
Hepliaklqana
Makhleb
Qazlal
Ru
The Shining One

Shops:
D:1 *


Innate Abilities, Weirdness & Mutations

You are immune to sickness and miasma.
Your stone body is resilient. (AC +4)
You are immune to poison.
You resist negative energy. (rN+)
You are resistant to electric shocks. (rElec)
You are resistant to unholy torment.
You are immune to petrification.


Message History

You hit the hound.
The hound is moderately wounded.
The hound barely misses you. x2
You closely miss the hound.
The hound is moderately wounded.
The hound closely misses you.
You slash the hound!
The hound is severely wounded.
The hound barely misses you. The hound bites you but does no damage.
You hit the hound.
You kill the hound!
Trog accepts your kill.
You have reached level 5!
A ball python comes into view.
The ball python hisses angrily.
You hit the ball python.
The ball python is severely wounded.
The ball python closely misses you. x2
You closely miss the ball python.
The ball python is severely wounded.
The ball python barely misses you. The ball python grabs you.
The ball python constricts you.
You barely miss the ball python.
The ball python is severely wounded.
The ball python barely misses you. The ball python constricts you.
The ball python bites you but does no damage.
The ball python constricts you.
You slash the ball python!
You kill the ball python!
Trog accepts your kill.
No target in view!
No target in view!
No target in view!
No target in view!
You see here a ball python corpse. 2 gnolls come into view.
The gnoll shouts! x2; You hear a shout!
A gnoll comes into view. It is wielding a +0 spear.
Unknown command.
Are you sure you want to abandon this character and quit the game? (Confirm with "yes".)

######################
#.............@.......
#.#############..####.
#.# ..# #.# ..g. #.#
....g #.# .g..... #.#
#...... #.# ...... #.#


You could see 3 gnolls.

Vanquished Creatures
  A hound (D:3)
  A jelly (D:2)
  2 adders (D:2)
  A dart slug (D:2)
  3 ribbon worms (D:2)
  5 ball pythons
  13 endoplasms
  A giant cockroach (D:1)
  2 goblins
  2 hobgoblins
  9 kobolds
  2 quokkas (D:2)
  A frilled lizard (D:1)
  3 rats
46 creatures vanquished.

Notes
Turn   | Place    | Note
-------+----------+-------------------------------------------
     0 | D:1      | groovy9 the Gargoyle Berserker began the quest for the Orb.
     0 | D:1      | Reached XP level 1. HP: 14/14 MP: 1/1
   224 | D:1      | Reached XP level 2. HP: 19/19 MP: 2/2
   316 | D:1      | Found Etemiojy's Assorted Antiques.
   805 | D:2      | Reached XP level 3. HP: 24/24 MP: 3/3
  1041 | D:2      | Reached skill level 4 in Fighting
  1378 | D:2      | Identified the +6 sling of the Vaults {flame, rElec Int+2
                  | Dex+2}
  1439 | D:2      | Reached XP level 4. HP: 27/29 MP: 4/4
  1441 | D:2      | Reached ** piety under Trog
  1472 | D:2      | Found a glowing golden altar of the Shining One.
  1472 | D:2      | Found a broken altar of Ashenzari.
  1472 | D:2      | Found a burning altar of Makhleb.
  1472 | D:2      | Found a sacrificial altar of Ru.
  1472 | D:2      | Found a hazy altar of Hepliaklqana.
  1472 | D:2      | Found a stormy altar of Qazlal.
  1594 | D:3      | Reached XP level 5. HP: 34/34 MP: 5/5
  1733 | D:3      | Quit the game

Illustrated notes

Levels and vault maps discovered:
D:1:      minmay_arrival_up_and_down, layout_loops_cross, serial_shops, shop,
          chequers_decorated_corner
D:2:      cheibrodos_fertilizer, layout_basic
D:3:      layout_basic, hex_intersection

Skill      XL: |  1  2  3 |
---------------+----------+-----
Axes           | 3 |  3.7
Armour         | 3 |  3.6
Fighting       | 4 |  4.5
Dodging        | |  1.5

Action                     |  1- 3 |  4- 6 || total
---------------------------+-------+-------++-------
  Melee: Hand axe          |    95 |    30 ||   125
         Punch             |     3 |       ||     3
 Invoke: Berserk           |     1 |     1 ||     2
 Armour: Ring mail         |    44 |    11 ||    55
         Animal skin       |     1 |       ||     1
  Dodge: Dodged            |    55 |    22 ||    77
